 Dungeon Crawl Stone Soup version 0.19-a0-1889-g9c603be (webtiles) character file.

826 Lochraine the Grave Robber (level 7, -2/55 HPs)
             Began as a Deep Dwarf Necromancer on Oct 16, 2016.
             Was an Initiate of Makhleb.
             Killed by nerve-wracking pain
             ... invoked by Menkaure
              (10 damage)
             ... on level 5 of the Dungeon on Oct 17, 2016.
             The game lasted 00:30:27 (5083 turns).

Lochraine the Grave Robber (Deep Dwarf Necromancer) Turns: 5083, Time: 00:30:28

Health: -2/55      AC:  2    Str: 11    XL:     7   Next: 64%
Magic:  0/11       EV:  2    Int: 18    God:    Makhleb [......]
Gold:   151        SH:  0    Dex: -59 (18)Spells: 5 memorised, 2 levels left

rFire  . . .     SeeInvis .     y - +0 quarterstaff
rCold  . . .     Gourm    .     a - +0 robe
rNeg   . . .     Faith    .     (shield currently unavailable)
rPois  .         Spirit   .     (no helmet)
rElec  .         Reflect  .     (no cloak)
rCorr  .         Harm     .     (no gloves)
MR     +....                    (no boots)
Stlth  ..........               (no amulet)
                                (no ring)
                                (no ring)

@: agile, very slightly contaminated, non-regenerating, hasted and slowed, lost
dexterity
A: damage resistance, recharge devices, sense surroundings 1, slow regeneration
3
a: Device Recharging, Renounce Religion


You were on level 5 of the Dungeon.
You worshipped Makhleb.
Makhleb was noncommittal.
You were not hungry.

You visited 2 branches of the dungeon, and saw 7 of its levels.

You collected 151 gold pieces.

Inventory:

Hand Weapons
 g - a +1 short sword
 y - a +0 quarterstaff (weapon)
Missiles
 f - 129 stones (quivered)
 k - a javelin
Armour
 a - a +0 robe (worn)
 h - a +0 chain mail
Jewellery
 o - a cursed -3 ring of slaying {unknown}
Wands
 c - a wand of heal wounds (0/9)
Scrolls
 l - a scroll of blinking
 n - 7 scrolls of identify
 p - 2 scrolls of remove curse
 s - a scroll of recharging {unknown}
 u - a scroll of teleportation
 B - a scroll of magic mapping {unknown}
Potions
 e - 2 potions of haste
 i - a potion of curing
 j - a potion of might {unknown}
 q - a potion of resistance {unknown}
 t - a potion of brilliance {unknown}
 v - 2 potions of agility
 z - a potion of lignification {unknown}
Books
 b - a book of Necromancy

   Spells                             Type                      Level
   a - Pain                           Necromancy                   1
   b - Animate Skeleton               Necromancy                   1
   c - Vampiric Draining              Necromancy                   3
   d - Regeneration                   Charms/Necromancy            3
   e - Animate Dead                   Necromancy                   4
   f - Control Undead                 Necromancy                   4
 A - a book of Conjurations

   Spells                             Type                      Level
   a - Magic Dart                     Conjuration                  1
   b - Searing Ray                    Conjuration                  2
   c - Dazzling Spray                 Conjuration/Hexes            3
   d - Fulminant Prism                Conjuration/Hexes            4
   e - Iskenderun's Mystic Blast      Conjuration                  4
   f - Iskenderun's Battlesphere      Conjuration/Charms           5
Comestibles
 d - 5 bread rations
 m - a slice of pizza
 r - 3 meat rations
 w - a royal jelly


   Skills:
 - Level 6.0 Dodging
 - Level 2.4 Stealth
 - Level 3.4 Spellcasting
 + Level 2.2 Conjurations
 - Level 7.1 Necromancy


You had 2 spell levels left.
You knew the following spells:

 Your Spells              Type           Power        Failure   Level  Hunger
a - Pain                  Necr           ####         1%          1    None
b - Animate Skeleton      Necr           N/A          1%          1    None
c - Vampiric Draining     Necr           ####......   2%          3    ###....
d - Control Undead        Necr           ####......   12%         4    ####...
e - Magic Dart            Conj           ##..         8%          1    None


Dungeon Overview and Level Annotations

Branches:
Dungeon (6/15)             Temple (1/1) D:5

Altars:
Ashenzari
Cheibriados
Dithmenos
Fedhas
Gozag
Hepliaklqana
Kikubaaqudgha
Makhleb
Nemelex Xobeh
Okawaru
Qazlal
Ru
Uskayaw
Vehumet
Xom
Yredelemnul
The Shining One

Annotations:
D:5 Menkaure


Innate Abilities, Weirdness & Mutations

You are resistant to damage.
You can recharge devices by infusing magical energy.
You passively map a small area around you.
You do not regenerate.


Message History

Okay, then.
Evoke which item? (* to show all) (? for menu, Esc to quit)
Zapping:
c - a wand of heal wounds (1/9)
Press: ? - help, Shift-Dir - straight line, f - you You feel much better.
This wand has 0 charges left.
Menkaure hits you!!
* * * LOW HITPOINT WARNING * * *
Menkaure casts a spell.
You don't have enough magic at the moment.
Evoke which item? (* to show all) (? for menu, Esc to quit)
Okay, then.
It was a potion of haste.
You feel yourself speed up.
Menkaure hums, "Let me perform the rites..."
Menkaure hits you.
* * * LOW HITPOINT WARNING * * *
Menkaure mumbles some strange words.
It was a potion of agility.
You feel agile all of a sudden. Menkaure casts a spell at you.
Pain shoots through your body!
You die...

####### #.≈.≈.# #...... #.....#
#≈≈≈≈≈######.##### ####.###.#
##≈._≈.#.........# #........#
#.≈≈≈≈.#.####.##.# #.##.##..#
#..≈≈≈.#.# ##.##.## ####.##.##..#
##....##.# #....... .........#..#
##.####.# #.......
.###.##....<#####.####.# #.###.#.
.# #.###.#<.....@......# #.##..#.
.# #.....########M###### #.##.##.
.# #####.# ##...## #.##.##.
.#######.# ##.....## #.).....
.........# ##.......## ##.#.###
######...####.........####....###
#.......'.........'..)(....(.
##...####.........####...####
##..# ##.......## #..##


You could see Menkaure.

Vanquished Creatures
  2 ogres (D:4)
  Blork the orc (D:5)
  2 bullfrogs (D:5)
  A quasit (D:5)
  A centaur skeleton (D:4)
  2 hounds
  An orc wizard (D:2)
  An iguana (D:6)
  3 worker ants (D:4)
  Natasha (D:3)
  Ijyb (D:1)
  A hound zombie (D:5)
  A howler monkey zombie (D:6)
  2 adders (D:3)
  An ooze (D:3)
  2 worms
  4 dart slugs
  A leopard gecko (D:4)
  An orc (D:5)
  9 bats
  2 giant cockroaches (D:1)
  4 hobgoblins
  6 jackals
  3 quokkas
  3 ball pythons
  2 frilled lizards
  11 goblins
  6 kobolds
  3 rats
78 creatures vanquished.

Vanquished Creatures (collateral kills)
  A bullfrog zombie (D:5)
  A worker ant (D:4)
  A giant cockroach (D:1)
  A hobgoblin (D:1)
  2 jackals (D:1)
  A kobold (D:1)
7 creatures vanquished.

Grand Total: 85 creatures vanquished

Notes
Turn   | Place    | Note
-------+----------+-------------------------------------------
     0 | D:1      | Lochraine the Deep Dwarf Necromancer began the quest for the Orb.
     0 | D:1      | Reached XP level 1. HP: 15/15 MP: 3/3
     2 | D:1      | Learned a level 1 spell: Animate Skeleton
   366 | D:1      | Reached XP level 2. HP: 19/22 MP: 4/4
   420 | D:1      | Reached skill level 5 in Necromancy
   851 | D:2      | Noticed Ijyb
   956 | D:1      | Killed Ijyb
   956 | D:1      | Reached XP level 3. HP: 14/28 MP: 5/5
   974 | D:1      | Learned a level 3 spell: Vampiric Draining
  1093 | D:2      | Found a sacrificial altar of Ru.
  1132 | D:2      | Reached skill level 6 in Necromancy
  1132 | D:2      | Reached XP level 4. HP: 36/36 MP: 5/7
  1540 | D:2      | Found a basalt altar of Yredelemnul.
  1587 | D:2      | Found a snail-covered altar of Cheibriados.
  1885 | D:3      | Found a glowing golden altar of the Shining One.
  1903 | D:3      | Noticed Natasha
  1911 | D:3      | Killed Natasha
  1993 | D:3      | Reached XP level 5. HP: 42/42 MP: 8/8
  2300 | D:4      | Found a hide-covered altar of Uskayaw.
  2408 | D:4      | Noticed an ogre
  2434 | D:4      | Killed an ogre
  2434 | D:4      | Reached skill level 7 in Necromancy
  2434 | D:4      | Reached XP level 6. HP: 26/49 MP: 2/11
  2641 | D:4      | Found a shadowy altar of Dithmenos.
  2879 | D:4      | Found a hazy altar of Hepliaklqana.
  3104 | D:4      | Learned a level 4 spell: Control Undead
  3243 | D:5      | Entered Level 5 of the Dungeon
  3275 | D:5      | Reached skill level 5 in Dodging
  3275 | D:5      | Reached XP level 7. HP: 24/55 MP: 2/12
  3281 | D:5      | Found a blossoming altar of Fedhas.
  3477 | D:5      | Found a shimmering altar of Xom.
  3593 | D:5      | Noticed Menkaure
  3858 | D:5      | Found a staircase to the Ecumenical Temple.
  3867 | Temple   | Entered the Ecumenical Temple
  4058 | Temple   | Became a worshipper of Makhleb the Destroyer
  4184 | D:6      | Learned a level 1 spell: Magic Dart
  4220 | D:6      | Noticed Blork the orc
  4288 | D:5      | Killed Blork the orc
  4288 | D:5      | Reached skill level 1 in Conjurations
  4299 | D:5      | Lost dexterity.
  4960 | D:5      | Upgraded the game from 0.19-a0-1886-gd64a0f0 to 0.19-a0-1889-g9c603be
  5083 | D:5      | Killed from afar by Menkaure

Vault maps used:
D:1:      minmay_arrival_split_and_join, minmay_box_of_dots
D:2:      overflow_temple_1_default, nicolae_ru_great_annihilating_truth,
          marbit_many_paths, uniq_iyjb
D:3:      tso_metal_star, uniq_natasha
D:4:      lemuel_round_altar, nicolae_dithmenos_shadow_blocks,
          eat_drink_and_be_merry_uskayaw, first_bread, hex_medium
D:5:      lemuel_doored_altar, fedhas_altar_2, uniq_menkaure
D:6:      vehumet_altar_wand_db, uniq_blork_the_orc
Temple:   compressed_dpeg_triangle_lava_temple

Skill      XL: |  1  2  3  4  5  6  7 |
---------------+----------------------+-----
Necromancy     | 5 6 7 |  7.1
Spellcasting   | 2 3 |  3.4
Dodging        | 5 6 |  6.0
Conjurations   | 2 |  2.2
Stealth        | |  2.4

Action                   |  1- 3 |  4- 6 |  7- 9 || total
-------------------------+-------+-------+-------++-------
Melee: Short sword       |   133 |   156 |       ||   289
       Unarmed           |     1 |       |       ||     1
       Quarterstaff      |       |       |    83 ||    83
Throw: Stone             |    12 |       |       ||    12
       Javelin           |     8 |     6 |    14 ||    28
 Cast: Animate Skeleton  |     9 |     1 |     1 ||    11
       Pain              |     1 |     3 |       ||     4
       Vampiric Draining |       |    13 |    12 ||    25
       Magic Dart        |       |       |    13 ||    13
       Control Undead    |       |       |    10 ||    10
 Abil: Device Recharging |       |       |     1 ||     1
Evoke: Wand              |     2 |     2 |     6 ||    10
  Use: Scroll            |     3 |     3 |     2 ||     8
       Potion            |       |       |     2 ||     2
 Stab: Sleeping          |     1 |     3 |       ||     4
       Paralysed         |       |     1 |       ||     1
  Eat: Chunk             |     1 |     8 |     4 ||    13
       Fruit             |       |       |     3 ||     3
       Bread ration      |       |       |     1 ||     1
Armor: Robe              |    29 |    11 |   160 ||   200
       Chain mail        |    59 |    50 |       ||   109
Dodge: Dodged            |    78 |    82 |   150 ||   310
